[Event "VI Sunway Sitges Open 2019"]
[Site "Sitges"]
[Date "2019.12.18"]
[Round "6.48"]
[White "Ingebretsen, Jens E"]
[Black "Kulaots, Kaido"]
[Result "0-1"]
[ECO "A50"]
[WhiteElo "2255"]
[BlackElo "2538"]
[Annotator "ChessBase"]
[PlyCount "81"]
[EventDate "2019.12.13"]
[EventType "swiss"]
[EventCountry "ESP"]
[SourceTitle "playchess.com"]
[Source "ChessBase"]
[SourceQuality "1"]
[TimeControl "40/5400+30:1800+30"]

1. c4 b6 2. d4 Bb7 3. Nc3 e6 4. a3 Nf6 5. d5 Bd6 6. Nf3 O-O 7. Bg5 h6 8. Bh4 Na6 9. e3 Be7 10. Be2 Nc5 11. O-O Nxd5 12. cxd5 Bxh4 13. Nxh4 Qxh4 14. b4 Ne4 15. Nxe4 Qxe4 16. Bf3 Qe5 17. dxe6 Bxf3 18. exf7+ Rxf7 19. gxf3 a5 20. f4 Qe4 21. Qb1 Qe6 22. Rc1 d5 23. Qd3 Qg4+ 24. Kf1 Qf3 25. Qd1 Qe4 26. b5 Re8 27. Qh5 d4 28. Re1 Rf5 29. Qh3 Rxb5 30. Qg2 Qxg2+ 31. Kxg2 d3 32. e4 c5 33. Kf3 c4 34. Red1 Rb2 35. Rac1 b5 36. a4 d2 37. Rc3 Rb3 38. Rxb3 cxb3 39. Ke3 b2 40. Kd3 bxa4 41. Kd4 0-1

[Event "VI Sunway Sitges Open 2019"]
[Site "Sitges"]
[Date "2019.12.18"]
[Round "6.49"]
[White "Pascual Sauch, Angel"]
[Black "Ansat, Aldiyar"]
[Result "0-1"]
[ECO "E67"]
[WhiteElo "2096"]
[BlackElo "2280"]
[Annotator "NA"]
[PlyCount "114"]
[EventDate "2019.12.13"]
[EventType "swiss"]
[EventCountry "ESP"]
[SourceTitle "playchess.com"]
[Source "ChessBase"]
[SourceQuality "1"]
[TimeControl "40/5400+30:1800+30"]

1. c4 g6 2. Nc3 Bg7 3. g3 Nf6 4. Bg2 O-O 5. d4 d6 6. Nf3 Nbd7 7. O-O e5 8. e3 c6 9. a3 a5 10. b3 Qe7 11. a4 Rd8 12. Ba3 Ne8 13. Qc2 f5 14. dxe5 Nxe5 15. Rad1 Nxf3+ 16. Bxf3 Be6 17. Rd2 Rd7 18. Rfd1 Rad8 19. Ne2 Nc7 20. Nd4 Bf7 21. Bxc6 bxc6 22. Nxc6 Qe8 23. Nxd8 Rxd8 24. Bxd6 Ne6 25. h4 Qc6 26. Ba3 Rxd2 27. Qxd2 f4 28. Qd5 Qe8 29. Qd7 Qb8 30. Qb5 Qa8 31. Qd5 Qe8 32. Qxa5 fxg3 33. fxg3 Qb8 34. Bd6 Qxb3 35. Qa8+ Nf8 36. Qf3 Qxc4 37. a5 Qa2 38. Rf1 Bd5 39. e4 Bf7 40. a6 Nd7 41. Qf2 Qxf2+ 42. Kxf2 Bc4 43. Re1 Bxa6 44. e5 Bc4 45. e6 Nf6 46. Kf3 Ne8 47. Bb4 Nc7 48. e7 Ne8 49. g4 h6 50. Kf4 Kf7 51. Rc1 Bb5 52. g5 h5 53. Ke4 Ke6 54. Kf3 Bd3 55. Rc8 Kf7 56. Kf4 Bf5 57. Ba3 Bxc8 0-1

[Event "VI Sunway Sitges Open 2019"]
[Site "Sitges"]
[Date "2019.12.18"]
[Round "6.50"]
[White "Colls Gelaberto, Emili"]
[Black "Pawicka, Magdalena"]
[Result "1-0"]
[ECO "E04"]
[WhiteElo "2045"]
[BlackElo "1827"]
[Annotator "NA"]
[PlyCount "109"]
[EventDate "2019.12.13"]
[EventType "swiss"]
[EventCountry "ESP"]
[SourceTitle "playchess.com"]
[Source "ChessBase"]
[SourceQuality "1"]
[TimeControl "40/5400+30:1800+30"]

1. d4 Nf6 2. c4 e6 3. Nf3 d5 4. g3 dxc4 5. Bg2 Bd7 6. Ne5 Bc6 7. Nxc6 Nxc6 8. Qa4 Qd7 9. Qxc4 O-O-O 10. Bxc6 Qxc6 11. Qxc6 bxc6 12. Be3 Ng4 13. Nc3 Nxe3 14. fxe3 Be7 15. Na4 Rd5 16. O-O Rf8 17. Rac1 Kb7 18. Rc3 e5 19. Rc4 Bg5 20. Kf2 Re8 21. Rd1 Red8 22. Rd3 Bf6 23. Rb3+ Rb5 24. Nc5+ Ka8 25. dxe5 Bxe5 26. Nd3 Rxb3 27. axb3 Bd6 28. Rxc6 Rb8 29. b4 Kb7 30. Rc4 Ka6 31. b3 Kb5 32. Kf3 a5 33. bxa5 Kxa5 34. Rc3 Rb7 35. Ke4 Bb4 36. Nxb4 Kxb4 37. Kd3 c5 38. Rc4+ Kb5 39. Rg4 g6 40. Kc3 f5 41. Rf4 Re7 42. Kd2 Rd7+ 43. Ke1 Re7 44. Kf2 Re4 45. g4 Rxf4+ 46. exf4 c4 47. bxc4+ Kxc4 48. gxf5 gxf5 49. Kg3 Kd4 50. Kh4 Ke4 51. Kg5 h6+ 52. Kxh6 Kxf4 53. Kg6 Kg4 54. h4 f4 55. h5 1-0

[Event "VI Sunway Sitges Open 2019"]
[Site "Sitges"]
[Date "2019.12.18"]
[Round "6.51"]
[White "Roch, Florian"]
[Black "Sai Alagappan S"]
[Result "1/2-1/2"]
[ECO "B01"]
[WhiteElo "1979"]
[BlackElo "1591"]
[Annotator "NA"]
[PlyCount "71"]
[EventDate "2019.12.13"]
[EventType "swiss"]
[EventCountry "ESP"]
[SourceTitle "playchess.com"]
[Source "ChessBase"]
[SourceQuality "1"]
[TimeControl "40/5400+30:1800+30"]

1. e4 d5 2. exd5 Nf6 3. Nf3 Nxd5 4. d4 Nf6 5. Bd3 e6 6. Qe2 c5 7. c3 Nc6 8. O-O Be7 9. dxc5 Bxc5 10. b4 Bd6 11. Bb2 Qc7 12. Na3 Ng4 13. g3 Nge5 14. Nb5 Qb8 15. Nxe5 Bxe5 16. Rad1 a6 17. Nd4 Nxd4 18. cxd4 Bf6 19. Be4 O-O 20. Qf3 Ra7 21. Bc1 b5 22. Be3 Rd7 23. Bf4 Qa7 24. d5 exd5 25. Rxd5 Rxd5 26. Bxd5 Be6 27. Bxe6 fxe6 28. Qc6 e5 29. Be3 Qa8 30. Qe6+ Kh8 31. Rd1 Qc8 32. Rd7 Re8 33. Qf7 Rd8 34. Rc7 Qg4 35. Rc1 Qxb4 36. Bb6 1/2-1/2

[Event "VI Sunway Sitges Open 2019"]
[Site "Sitges"]
[Date "2019.12.18"]
[Round "6.52"]
[White "Gniado, Radoslaw"]
[Black "Henderson Franklin, Matthew"]
[Result "1/2-1/2"]
[ECO "A48"]
[WhiteElo "1819"]
[BlackElo "1611"]
[Annotator "NA"]
[PlyCount "90"]
[EventDate "2019.12.13"]
[EventType "swiss"]
[EventCountry "ESP"]
[SourceTitle "playchess.com"]
[Source "ChessBase"]
[SourceQuality "1"]
[TimeControl "40/5400+30:1800+30"]

1. d4 Nf6 2. Bf4 g6 3. e3 Bg7 4. Nf3 O-O 5. Nbd2 d6 6. Be2 Nbd7 7. O-O h6 8. h3 Nh7 9. c3 e5 10. dxe5 dxe5 11. Bg3 f5 12. Qc2 Qe8 13. Rfe1 Kh8 14. Bh2 Nb6 15. Nc4 Nxc4 16. Bxc4 Qe7 17. Rad1 Ng5 18. Nxg5 Qxg5 19. f4 Qe7 20. fxe5 Bxe5 21. Bxe5+ Qxe5 22. Qd2 Be6 23. Bxe6 Qxe6 24. Qd7 Qb6 25. Rd4 Rad8 26. Qe7 Rde8 27. Qh4 g5 28. Qh5 Re7 29. Qe2 Rfe8 30. Qd2 f4 31. e4 Rxe4 32. Rexe4 Rxe4 33. Kh2 Rxd4 34. cxd4 Qe6 35. Qb4 b6 36. Qf8+ Kh7 37. Qd8 Qd6 38. Qc8 f3+ 39. g3 Kg6 40. Qe8+ Kg7 41. Qe4 Qf6 42. Kg1 f2+ 43. Kf1 Qf7 44. Qe5+ Kg8 45. b3 a5 1/2-1/2

[Event "VI Sunway Sitges Open 2019"]
[Site "Sitges"]
[Date "2019.12.18"]
[Round "6.53"]
[White "Manmay Chopra"]
[Black "Franzoni Ladron de Guevara, Enric"]
[Result "1-0"]
[ECO "D78"]
[WhiteElo "1354"]
[BlackElo "1798"]
[Annotator "NA"]
[PlyCount "93"]
[EventDate "2019.12.13"]
[EventType "swiss"]
[EventCountry "ESP"]
[SourceTitle "playchess.com"]
[Source "ChessBase"]
[SourceQuality "1"]
[TimeControl "40/5400+30:1800+30"]

1. d4 d5 2. Nf3 Nf6 3. g3 g6 4. Bg2 Bg7 5. O-O O-O 6. c4 c6 7. b3 Nbd7 8. Bb2 Ne4 9. Nbd2 Ndf6 10. Qc2 Bf5 11. Qc1 Rc8 12. Ne5 Bh6 13. e3 Nxd2 14. Qxd2 Ne4 15. Qd1 f6 16. Ng4 Bg7 17. f4 Qd7 18. Nf2 Nxf2 19. Rxf2 Bg4 20. Qf1 f5 21. Rc1 Rcd8 22. cxd5 cxd5 23. Rfc2 Qe6 24. Kf2 Rd6 25. Qb5 b6 26. Ba3 Rd7 27. Rc6 Qf7 28. Rxb6 Rfd8 29. Rbc6 Bf6 30. Qa6 g5 31. Bc5 gxf4 32. exf4 Qg7 33. Qd3 Qh6 34. Kg1 e6 35. Re1 Re8 36. Kh1 Kf7 37. Qe3 Bd8 38. Ra6 Bh3 39. Bf3 Bb6 40. Bxb6 axb6 41. Rxb6 Rdd8 42. Rc6 Rd7 43. Rec1 Ree7 44. Qe5 Bg4 45. Bxg4 fxg4 46. a4 Qh3 47. f5 1-0

[Event "VI Sunway Sitges Open 2019"]
[Site "Sitges"]
[Date "2019.12.18"]
[Round "6.54"]
[White "Haisma, Henk"]
[Black "Colom Riera, Marc"]
[Result "1-0"]
[ECO "B12"]
[WhiteElo "1718"]
[BlackElo "1505"]
[Annotator "NA"]
[PlyCount "41"]
[EventDate "2019.12.13"]
[EventType "swiss"]
[EventCountry "ESP"]
[SourceTitle "playchess.com"]
[Source "ChessBase"]
[SourceQuality "1"]
[TimeControl "40/5400+30:1800+30"]

1. e4 c6 2. d4 d5 3. e5 Bf5 4. h4 h6 5. g4 Bc8 6. Be3 e6 7. Bd3 Nd7 8. Nd2 c5 9. c3 cxd4 10. cxd4 Bb4 11. f4 Ne7 12. Ngf3 Nc6 13. Qe2 Qe7 14. f5 Qf8 15. fxe6 fxe6 16. Bg6+ Kd8 17. Rf1 Bxd2+ 18. Qxd2 Qb4 19. Qxb4 Nxb4 20. Nd2 Nc2+ 21. Bxc2 1-0

[Event "VI Sunway Sitges Open 2019"]
[Site "Sitges"]
[Date "2019.12.19"]
[Round "7.6"]
[White "Nasuta, Grzegorz"]
[Black "Gareyev, Timur"]
[Result "1/2-1/2"]
[ECO "C45"]
[WhiteElo "2545"]
[BlackElo "2598"]
[Annotator "ChessBase"]
[PlyCount "135"]
[EventDate "2019.12.13"]
[EventType "swiss"]
[EventCountry "ESP"]
[SourceTitle "playchess.com"]
[Source "ChessBase"]
[SourceQuality "1"]
[TimeControl "40/5400+30:1800+30"]

1. e4 e5 2. Nf3 Nc6 3. d4 exd4 4. Nxd4 Bb4+ 5. c3 Be7 6. Nxc6 bxc6 7. Bd3 d6 8. O-O Nf6 9. Nd2 O-O 10. f4 a5 11. Nf3 Ba6 12. Bxa6 Rxa6 13. Be3 Qc8 14. Qd3 Ng4 15. Bd2 Rb6 16. b3 a4 17. b4 Qa6 18. Qxa6 Rxa6 19. Rae1 a3 20. Nd4 Rd8 21. Re2 Rb6 22. Nb3 Nf6 23. Bc1 Ra8 24. e5 dxe5 25. Rxe5 Bd6 26. Ra5 Re8 27. Bxa3 Nd5 28. Bc1 Nxc3 29. a3 Ne2+ 30. Kf2 Nxf4 31. Bxf4 Bxf4 32. Re1 Rd8 33. g3 Bd6 34. Rc1 f6 35. Rc4 Be5 36. Ke2 Rd5 37. Ra8+ Kf7 38. Nc5 Bd6 39. Ne4 f5 40. Nc3 Re5+ 41. Kf2 Re8 42. Ra7 Ke6 43. Na4 Rbb8 44. Rxc6 Ra8 45. Raa6 f4 46. gxf4 Kf5 47. Nc3 Rxa6 48. Rxa6 Bxf4 49. h3 Be5 50. Rc6 Bd4+ 51. Kg2 Re3 52. Nb5 Be5 53. a4 Re4 54. a5 Rxb4 55. Nxc7 Rb2+ 56. Kf1 Ke4 57. a6 Kf3 58. Ke1 Bd4 59. Kd1 Be3 60. Rc3 Rb1+ 61. Kc2 Rc1+ 62. Kb3 Rxc3+ 63. Kxc3 Kg3 64. Ne6 Ba7 65. Nxg7 Kxh3 66. Kc4 Kg4 67. Kd5 h5 68. Nxh5 1/2-1/2

[Event "VI Sunway Sitges Open 2019"]
[Site "Sitges"]
[Date "2019.12.19"]
[Round "7.12"]
[White "Nihal Sarin"]
[Black "Girish, A. Koushik"]
[Result "1/2-1/2"]
[ECO "A14"]
[WhiteElo "2612"]
[BlackElo "2506"]
[Annotator "RC"]
[PlyCount "125"]
[EventDate "2019.12.13"]
[EventType "swiss"]
[EventCountry "ESP"]
[SourceTitle "playchess.com"]
[Source "ChessBase"]
[SourceQuality "1"]
[TimeControl "40/5400+30:1800+30"]

1. c4 e6 2. Nf3 Nf6 3. g3 d5 4. Bg2 Be7 5. O-O O-O 6. b3 c5 7. Bb2 Nc6 8. cxd5 Nxd5 9. d4 cxd4 10. Nxd4 Bf6 11. Na3 Ndb4 12. Nxc6 bxc6 13. Qxd8 Rxd8 14. Bxf6 gxf6 15. Nc4 Ba6 16. Rfc1 Rac8 17. a3 Nd5 18. e3 c5 19. Na5 Rd7 20. Bf1 Bxf1 21. Kxf1 Nb6 22. Rc2 f5 23. Rac1 Rdc7 24. Ke2 Kg7 25. Nc4 Rc6 26. Ne5 R6c7 27. Nc4 Rc6 28. Na5 R6c7 29. Kf3 Kf6 30. e4 fxe4+ 31. Kxe4 h6 32. f4 h5 33. Kf3 Kg7 34. Ke2 Nd5 35. Nc4 h4 36. Nd2 hxg3 37. hxg3 Rh8 38. Ne4 Nf6 39. Nxc5 Rc6 40. Kf3 Rd6 41. b4 Rd4 42. Re1 Kg6 43. Rce2 Nd5 44. Re4 Rd2 45. R4e2 Rd4 46. Kg2 Nc3 47. Rc2 Nd5 48. Rf2 a5 49. bxa5 Rc8 50. Ne4 Ra8 51. Nd2 Ra4 52. Nf3 R4xa5 53. f5+ Kg7 54. fxe6 fxe6 55. Rxe6 Rxa3 56. Nd4 Ra2 57. Rxa2 Rxa2+ 58. Kf3 Nf6 59. g4 Kg6 60. Kf4 Ra5 61. Re5 Rxe5 62. Kxe5 Nxg4+ 63. Ke4 1/2-1/2

[Event "VI Sunway Sitges Open 2019"]
[Site "Sitges"]
[Date "2019.12.19"]
[Round "7.13"]
[White "Salgado Lopez, Ivan"]
[Black "Kelires, Andreas"]
[Result "1-0"]
[ECO "A07"]
[WhiteElo "2605"]
[BlackElo "2510"]
[Annotator "RC"]
[PlyCount "59"]
[EventDate "2019.12.13"]
[EventType "swiss"]
[EventCountry "ESP"]
[SourceTitle "playchess.com"]
[Source "ChessBase"]
[SourceQuality "1"]
[TimeControl "40/5400+30:1800+30"]

1. Nf3 d5 2. g3 c6 3. Bg2 Nf6 4. O-O Bf5 5. Nh4 Be4 6. f3 Bg6 7. d4 Nbd7 8. Nxg6 hxg6 9. f4 e6 10. c4 dxc4 11. Nc3 Qa5 12. e3 O-O-O 13. Bd2 Nb6 14. Qe2 Qa6 15. a4 Kb8 16. Rfc1 Nbd5 17. b3 Nxc3 18. Bxc3 Nd5 19. bxc4 Nxc3 20. Rxc3 Be7 21. Rb3 Rd7 22. a5 Rh5 23. Qa2 Bf6 24. c5 Rxc5 25. Bf1 Rb5 26. Bxb5 cxb5 27. Rc1 Bd8 28. Rbc3 Rc7 29. Qa3 Rc6 30. Qd6+ 1-0

[Event "VI Sunway Sitges Open 2019"]
[Site "Sitges"]
[Date "2019.12.19"]
[Round "7.14"]
[White "Svane, Rasmus"]
[Black "Garriga Cazorla, Pere"]
[Result "1-0"]
[ECO "E04"]
[WhiteElo "2597"]
[BlackElo "2484"]
[Annotator "ChessBase"]
[PlyCount "67"]
[EventDate "2019.12.13"]
[EventType "swiss"]
[EventCountry "ESP"]
[SourceTitle "playchess.com"]
[Source "ChessBase"]
[SourceQuality "1"]
[TimeControl "40/5400+30:1800+30"]

1. d4 Nf6 2. c4 e6 3. Nf3 d5 4. g3 dxc4 5. Bg2 Nbd7 6. O-O Rb8 7. a4 a6 8. a5 b5 9. axb6 Rxb6 10. Nfd2 Rb4 11. Na3 Nb6 12. Nc2 Rb5 13. Bc6+ Bd7 14. Bxb5 axb5 15. Nf3 Bd6 16. Ne5 O-O 17. Bg5 Be8 18. Ng4 Bc6 19. d5 exd5 20. Bxf6 gxf6 21. Qd4 Kg7 22. Qe3 Kh8 23. Qh6 Be7 24. Nd4 Bd7 25. Qh5 Rg8 26. Nh6 Rg7 27. Nxf7+ Rxf7 28. Qxf7 Be8 29. Qe6 Bd7 30. Qf7 Be8 31. Qe6 Bd7 32. Qe3 Na4 33. Ne6 Qc8 34. Nxc7 1-0

[Event "VI Sunway Sitges Open 2019"]
[Site "Sitges"]
[Date "2019.12.19"]
[Round "7.16"]
[White "Peralta, Fernando"]
[Black "Parvanyan, Ashot"]
[Result "1/2-1/2"]
[ECO "A70"]
[WhiteElo "2577"]
[BlackElo "2456"]
[Annotator "ChessBase"]
[PlyCount "69"]
[EventDate "2019.12.13"]
[EventType "swiss"]
[EventCountry "ESP"]
[SourceTitle "playchess.com"]
[Source "ChessBase"]
[SourceQuality "1"]
[TimeControl "40/5400+30:1800+30"]

1. d4 Nf6 2. c4 g6 3. Nc3 Bg7 4. e4 d6 5. h3 O-O 6. Be3 c5 7. d5 e6 8. Nf3 exd5 9. cxd5 Re8 10. Nd2 Na6 11. Be2 Nc7 12. a4 b6 13. O-O Rb8 14. Bg5 a6 15. f4 b5 16. Bf3 Qd7 17. e5 dxe5 18. Bxf6 Bxf6 19. Nde4 Bg7 20. d6 Ne6 21. Nd5 Qd8 22. axb5 Rxb5 23. fxe5 Bxe5 24. Be2 Rxb2 25. Ndf6+ Kg7 26. Nxe8+ Qxe8 27. Rb1 Rxb1 28. Qxb1 f5 29. Nd2 Nd4 30. Bc4 Bxd6 31. Re1 Qd8 32. Qb2 Qf6 33. Kh1 Bg3 34. Re8 Be5 35. Kg1 1/2-1/2

[Event "VI Sunway Sitges Open 2019"]
[Site "Sitges"]
[Date "2019.12.19"]
[Round "7.17"]
[White "Kacharava, Nikolozi"]
[Black "Lopez Martinez, Josep Manuel"]
[Result "1/2-1/2"]
[ECO "B51"]
[WhiteElo "2416"]
[BlackElo "2561"]
[Annotator "RC"]
[PlyCount "205"]
[EventDate "2019.12.13"]
[EventType "swiss"]
[EventCountry "ESP"]
[SourceTitle "playchess.com"]
[Source "ChessBase"]
[SourceQuality "1"]
[TimeControl "40/5400+30:1800+30"]

1. e4 c5 2. Nf3 d6 3. d4 cxd4 4. Qxd4 Nf6 5. Nc3 e5 6. Bb5+ Nbd7 7. Qd3 h6 8. Nd2 Be7 9. Nc4 O-O 10. Bxd7 Bxd7 11. O-O Be6 12. Ne3 Rc8 13. Ncd5 Nxd5 14. Nxd5 Bxd5 15. Qxd5 Qd7 16. c3 Rc5 17. Qd3 Qc6 18. Be3 Rc4 19. f3 a6 20. Rac1 Rc8 21. Rc2 b5 22. Rd2 Qd7 23. Qd5 Qe6 24. Rd3 h5 25. h3 Qxd5 26. Rxd5 h4 27. Kf2 g6 28. Ke2 f6 29. Kd3 Kf7 30. Rc1 f5 31. b3 R4c6 32. Bd2 Ke6 33. Ra1 Rf8 34. Ke2 Bd8 35. a4 fxe4 36. fxe4 bxa4 37. Rxa4 Bb6 38. Rxa6 Rf2+ 39. Kd1 Rxg2 40. b4 g5 41. b5 Rc5 42. Rxb6 Rxd5 43. exd5+ Kxd5 44. Rb8 g4 45. Rg8 Ke4 46. Kc2 gxh3 47. Rh8 Kd5 48. Rxh4 Kc5 49. Rxh3 Kxb5 50. Kd3 d5 51. Be3 d4 52. cxd4 exd4 53. Kxd4 Re2 54. Kd5 Rg2 55. Rh7 Kb4 56. Bd4 Rg5+ 57. Be5 Ka5 58. Rh1 Kb5 59. Rb1+ Ka5 60. Kd4 Ka6 61. Bd6 Rb5 62. Rh1 Rg5 63. Kc4 Kb6 64. Rh6 Kb7 65. Rf6 Rh5 66. Bf4 Kc8 67. Rf7 Kd8 68. Kd4 Ke8 69. Ra7 Rf5 70. Bd6 Rf7 71. Ra8+ Kd7 72. Ke5 Rf1 73. Ra7+ Kc6 74. Rc7+ Kb5 75. Rc5+ Kb6 76. Ke6 Rh1 77. Rg5 Kc6 78. Rc5+ Kb6 79. Rc4 Kb5 80. Rc3 Rd1 81. Kd7 Rd4 82. Rc1 Rd3 83. Ke6 Rd4 84. Ke5 Rc4 85. Rb1+ Kc6 86. Rb8 Rh4 87. Rc8+ Kb7 88. Rc1 Rh5+ 89. Ke6 Kb6 90. Be5 Kb5 91. Kd5 Ka5 92. Rb1 Rg5 93. Kd4 Ka6 94. Bd6 Rb5 95. Rh1 Kb6 96. Rh6 Kb7 97. Be5 Ra5 98. Rh7+ Kc6 99. Rc7+ Kb6 100. Rc1 Kb7 101. Ke4 Rb5 102. Bd4 Rh5 103. Rg1 1/2-1/2

[Event "VI Sunway Sitges Open 2019"]
[Site "Sitges"]
[Date "2019.12.19"]
[Round "7.26"]
[White "Praggnanandhaa R"]
[Black "Kirk, Ezra"]
[Result "1-0"]
[ECO "B31"]
[WhiteElo "2586"]
[BlackElo "2433"]
[Annotator "ChessBase"]
[PlyCount "57"]
[EventDate "2019.12.13"]
[EventType "swiss"]
[EventCountry "ESP"]
[SourceTitle "playchess.com"]
[Source "ChessBase"]
[SourceQuality "1"]
[TimeControl "40/5400+30:1800+30"]

1. e4 c5 2. Nf3 Nc6 3. Bb5 g6 4. Bxc6 bxc6 5. d4 Bg7 6. dxc5 Qa5+ 7. Nbd2 Ba6 8. Rb1 Qxc5 9. b4 Qh5 10. c4 Nh6 11. O-O O-O 12. Re1 d5 13. exd5 cxd5 14. b5 Bc8 15. c5 d4 16. c6 g5 17. Ne4 g4 18. Ng3 Qg6 19. Bxh6 Qxh6 20. Nxd4 Qg5 21. c7 Bb7 22. Ndf5 e6 23. Nd6 Bd5 24. Qc1 Qe7 25. Ngf5 Qd7 26. c8=Q Raxc8 27. Nxc8 exf5 28. Ne7+ Kh8 29. Qd2 1-0

[Event "VI Sunway Sitges Open 2019"]
[Site "Sitges"]
[Date "2019.12.19"]
[Round "7.27"]
[White "Chen, Qi b"]
[Black "Gukesh D"]
[Result "0-1"]
[ECO "B30"]
[WhiteElo "2445"]
[BlackElo "2547"]
[Annotator "ChessBase"]
[PlyCount "80"]
[EventDate "2019.12.13"]
[EventType "swiss"]
[EventCountry "ESP"]
[SourceTitle "playchess.com"]
[Source "ChessBase"]
[SourceQuality "1"]
[TimeControl "40/5400+30:1800+30"]

1. e4 c5 2. Nf3 Nc6 3. Bb5 e6 4. Bxc6 bxc6 5. d3 Ne7 6. Qe2 Ng6 7. h4 h5 8. b3 e5 9. g3 f6 10. Bb2 d5 11. Nfd2 Bd6 12. Nc3 Bg4 13. f3 Be6 14. Na4 Nf8 15. Ba3 Qe7 16. Qf2 Nd7 17. f4 Bg4 18. f5 O-O 19. O-O Bh3 20. Rfe1 g6 21. exd5 cxd5 22. Qf3 Bxf5 23. Qxd5+ Be6 24. Qg2 f5 25. c4 Nf6 26. Nc3 Ng4 27. Re2 Rad8 28. Nf3 Bb8 29. Na4 Qf6 30. Nxc5 Bc8 31. Rae1 Bd6 32. Nh2 Nxh2 33. Qxh2 e4 34. dxe4 fxe4 35. b4 Qd4+ 36. Kh1 Bg4 37. Re3 Rf1+ 38. Rxf1 Qxe3 39. Qg1 Bf3+ 40. Kh2 Bxc5 0-1

[Event "VI Sunway Sitges Open 2019"]
[Site "Sitges"]
[Date "2019.12.19"]
[Round "7.28"]
[White "Martin Duque, Jesus"]
[Black "Stefansson, Hannes"]
[Result "1-0"]
[ECO "B30"]
[WhiteElo "2430"]
[BlackElo "2538"]
[Annotator "ChessBase"]
[PlyCount "69"]
[EventDate "2019.12.13"]
[EventType "swiss"]
[EventCountry "ESP"]
[SourceTitle "playchess.com"]
[Source "ChessBase"]
[SourceQuality "1"]
[TimeControl "40/5400+30:1800+30"]

1. e4 c5 2. Nf3 Nc6 3. Bb5 e6 4. Bxc6 bxc6 5. d3 Ne7 6. b3 d5 7. Qe2 Ng6 8. h4 h5 9. e5 Be7 10. Nbd2 a5 11. a4 Ba6 12. g3 Qc7 13. Bb2 Nf8 14. Ng5 Nd7 15. O-O-O g6 16. Rhe1 Qd8 17. Qe3 Nb6 18. c4 Rb8 19. Qf4 Rf8 20. Nh7 Rh8 21. Ng5 Rf8 22. Nh7 Rh8 23. Nf6+ Kf8 24. Bc3 Na8 25. Kc2 Kg7 26. Rg1 Nb6 27. g4 Nd7 28. gxh5 d4 29. hxg6 Nxf6 30. gxf7+ Kxf7 31. Bb2 Qc7 32. Ne4 Qb6 33. exf6 Qxb3+ 34. Kd2 Qxb2+ 35. Ke1 1-0

[Event "VI Sunway Sitges Open 2019"]
[Site "Sitges"]
[Date "2019.12.19"]
[Round "7.29"]
[White "Narayanan, Srinath"]
[Black "Bharath Subramaniyam H"]
[Result "1-0"]
[ECO "E58"]
[WhiteElo "2529"]
[BlackElo "2420"]
[Annotator "ChessBase"]
[PlyCount "85"]
[EventDate "2019.12.13"]
[EventType "swiss"]
[EventCountry "ESP"]
[SourceTitle "playchess.com"]
[Source "ChessBase"]
[SourceQuality "1"]
[TimeControl "40/5400+30:1800+30"]

1. d4 Nf6 2. c4 e6 3. Nc3 Bb4 4. e3 O-O 5. Bd3 d5 6. Nf3 c5 7. O-O Nc6 8. a3 Bxc3 9. bxc3 b6 10. h3 Ba6 11. cxd5 Bxd3 12. Qxd3 exd5 13. dxc5 bxc5 14. c4 Na5 15. cxd5 c4 16. Qc2 Qxd5 17. Bb2 Qe4 18. Qc3 Nb3 19. Rad1 Rac8 20. Ne5 Rfe8 21. f3 Qb7 22. Nxc4 Qb5 23. Nd6 Rxc3 24. Nxb5 Rcxe3 25. Nd6 Rf8 26. Bxf6 gxf6 27. Ne4 Na5 28. Nxf6+ Kg7 29. Nh5+ Kh6 30. Ng3 Rxa3 31. Rd6+ f6 32. Rc1 Kg6 33. Rc7 Rf7 34. Rc8 Nb3 35. h4 Ra5 36. h5+ Kh6 37. Ne4 Kxh5 38. Rg8 Kh4 39. Rg4+ Kh5 40. Nxf6+ Rxf6 41. Rxf6 Nc5 42. Rf5+ Kh6 43. Kh2 1-0

[Event "VI Sunway Sitges Open 2019"]
[Site "Sitges"]
[Date "2019.12.19"]
[Round "7.31"]
[White "Sindarov, Javokhir"]
[Black "Travadon, Loic"]
[Result "1-0"]
[ECO "C17"]
[WhiteElo "2526"]
[BlackElo "2412"]
[Annotator "ChessBase"]
[PlyCount "105"]
[EventDate "2019.12.13"]
[EventType "swiss"]
[EventCountry "ESP"]
[SourceTitle "playchess.com"]
[Source "ChessBase"]
[SourceQuality "1"]
[TimeControl "40/5400+30:1800+30"]

1. e4 e6 2. d4 d5 3. Nc3 Bb4 4. e5 c5 5. Bd2 Ne7 6. a3 Bxc3 7. bxc3 Nbc6 8. Nf3 Bd7 9. Bd3 c4 10. Be2 Qc7 11. h4 f6 12. Bf4 Ng6 13. Bg3 fxe5 14. Qd2 O-O 15. dxe5 h6 16. h5 Nge7 17. Bh2 Rf7 18. Nd4 Nxd4 19. cxd4 c3 20. Qd3 a6 21. a4 Rc8 22. O-O b5 23. g4 Qb6 24. a5 Qa7 25. Rfd1 Nc6 26. Qxc3 Nxe5 27. Qg3 Nc4 28. g5 hxg5 29. Qxg5 Rf5 30. Qh4 Rcf8 31. Rd3 Be8 32. Bg3 Qf7 33. Re1 Qf6 34. Bg4 Qxh4 35. Bxh4 Bd7 36. Bxf5 Rxf5 37. Rg3 Rxh5 38. Bf6 Rh7 39. Be7 Rh5 40. Bf6 Rh7 41. Be7 Rh5 42. Bb4 Rf5 43. Kg2 Rf4 44. Rh1 Rf5 45. Rh4 e5 46. Rh6 Bc8 47. Rc6 Bb7 48. Re6 Rf7 49. Re8+ Kh7 50. dxe5 d4+ 51. Kg1 Be4 52. e6 Rc7 53. e7 1-0

[Event "VI Sunway Sitges Open 2019"]
[Site "Sitges"]
[Date "2019.12.19"]
[Round "7.32"]
[White "Dhulipalla Bala Chandra Prasad"]
[Black "Bjerre, Jonas Buhl"]
[Result "0-1"]
[ECO "A62"]
[WhiteElo "2414"]
[BlackElo "2526"]
[Annotator "ChessBase"]
[PlyCount "70"]
[EventDate "2019.12.13"]
[EventType "swiss"]
[EventCountry "ESP"]
[SourceTitle "playchess.com"]
[Source "ChessBase"]
[SourceQuality "1"]
[TimeControl "40/5400+30:1800+30"]

1. d4 Nf6 2. c4 e6 3. g3 c5 4. d5 exd5 5. cxd5 d6 6. Bg2 g6 7. Nc3 Bg7 8. Nf3 O-O 9. O-O Re8 10. Bf4 Bf5 11. Nh4 Bc8 12. Nf3 Bf5 13. Nh4 Bc8 14. Qd2 a6 15. a4 Qe7 16. Nf3 Nbd7 17. Rab1 Rb8 18. Rfe1 Qf8 19. h3 Nh5 20. Be3 Nb6 21. Qc1 Bd7 22. g4 Nf6 23. Qd1 h5 24. g5 Ne4 25. Nxe4 Rxe4 26. Nd2 Rh4 27. a5 Na4 28. f4 Qe8 29. Qb3 Nc3 30. Kf2 Nxb1 31. Rxb1 Bd4 32. Bxd4 Rxf4+ 33. Nf3 cxd4 34. Rc1 Bb5 35. Bf1 Qe4 0-1

[Event "VI Sunway Sitges Open 2019"]
[Site "Sitges"]
[Date "2019.12.19"]
[Round "7.33"]
[White "Aroshidze, Levan"]
[Black "Trent, Lawrence"]
[Result "1-0"]
[ECO "B45"]
[WhiteElo "2514"]
[BlackElo "2396"]
[Annotator "ChessBase"]
[PlyCount "75"]
[EventDate "2019.12.13"]
[EventType "swiss"]
[EventCountry "ESP"]
[SourceTitle "playchess.com"]
[Source "ChessBase"]
[SourceQuality "1"]
[TimeControl "40/5400+30:1800+30"]

1. e4 c5 2. Nf3 Nc6 3. d4 cxd4 4. Nxd4 Nf6 5. Nc3 e6 6. Ndb5 Bc5 7. Bf4 O-O 8. Bc7 Qe7 9. Bd6 Bxd6 10. Qxd6 Qd8 11. O-O-O a6 12. Nd4 Qb6 13. Nxc6 Qxc6 14. Be2 Ne8 15. Qxc6 bxc6 16. Na4 Rb8 17. e5 f6 18. Nc5 fxe5 19. Nxd7 Bxd7 20. Rxd7 Rxf2 21. Bxa6 Nf6 22. Rd6 Nd5 23. Bc4 Kf7 24. Rxc6 Rxg2 25. Bb3 Nf4 26. Kb1 g5 27. a4 Ra8 28. Rf1 Ke7 29. Rc7+ Kf6 30. Rxh7 e4 31. h4 e3 32. hxg5+ Ke5 33. Re1 Ke4 34. Rh6 e5 35. Bc4 Rxa4 36. Bb5 Rd4 37. Bc6+ Nd5 38. Rh4+ 1-0